 Dungeon Crawl Stone Soup version 0.27.1 (webtiles) character file.

Game seed: 208644785727738480

84 dtburroughs the Skirmisher (level 4, -3/61 HPs)
             Began as a Minotaur Berserker on Aug 25, 2021.
             Was a Believer of Trog.
             Slain by Purgy (4 damage)
             ... in a sewer.
             The game lasted 00:03:28 (1622 turns).

dtburroughs the Skirmisher (Minotaur Berserker)     Turns: 1622, Time: 00:03:28

Health: -3/61      AC:  3    Str: 22    XL:     4   Next: 23%
Magic:  3/3        EV: 12    Int:  5    God:    Trog [**....]
Gold:   60         SH:  0    Dex:  9    Spells: 3/3 levels left

rFire    . . .     SeeInvis .   e - +0 battleaxe
rCold    . . .     Faith    .   (shield currently unavailable)
rNeg     . . .     Spirit   .   b - +0 animal skin
rPois    .         Reflect  .   (helmet restricted)
rElec    .         Harm     .   g - +0 cloak
rCorr    .         Rampage  .   (no gloves)
Will     .....                  (no boots)
Stlth    ..........             d - amulet of the acrobat
HPRegen  0.20/turn              (no ring)
MPRegen  0.08/turn              (no ring)

@: berserking, very quick
A: horns 2, retaliatory headbutt
a: Renounce Religion, Berserk, Trog's Hand


You were in a sewer.
You worshipped Trog.
Trog was pleased with you.
You visited 1 branch of the dungeon, and saw 3 of its levels.
You also visited: Sewer.

You collected 60 gold pieces.

Inventory:

Hand Weapons
 a - a +0 hand axe
 e - a +0 battleaxe (weapon)
 i - a +2 mace of protection
Armour
 b - a +0 animal skin (worn)
 g - a +0 cloak (worn)
Jewellery
 d - an amulet of the acrobat (around neck)
Scrolls
 c - 2 scrolls of noise {unknown}
 h - 2 scrolls of blinking {unknown}
 k - a scroll of brand weapon {unknown}
 l - 2 scrolls of amnesia {unknown}
 m - a scroll of fear {unknown}
 n - a scroll of holy word {unknown}
Potions
 f - a potion of haste {unknown}
 j - a potion of curing {unknown}


   Skills:
 + Level 4.4 Fighting
 + Level 4.4 Axes
 + Level 3.3 Armour
 + Level 3.0 Dodging


You had 3 spell levels left.
You didn't know any spells.
Your spell library was empty.

Dungeon Overview and Level Annotations

Branches:
Dungeon (3/15)              Sewer (1/1)

Altars:

Annotations:
Sewer Purgy


Innate Abilities, Weirdness & Mutations

You have a pair of horns on your head.
You reflexively headbutt those who attack you in melee.


Message History

Purgy barely misses you. Purgy closely misses you.
Purgy claws you but does no damage.
You completely miss Purgy.
Purgy is severely wounded.
Purgy bites you but does no damage. Purgy claws you. x2; Purgy misses you.
You furiously retaliate!
You headbutt Purgy. Purgy completely misses you. Purgy misses you.
You closely miss Purgy.
Purgy is severely wounded.
Purgy closely misses you. Purgy barely misses you. Purgy claws you.
You barely miss Purgy.
Purgy is severely wounded.
Purgy bites you. Purgy closely misses you. Purgy claws you but does no damage.
Purgy bites you but does no damage. Purgy barely misses you. Purgy claws you.
You barely miss Purgy.
Purgy is severely wounded.
Purgy looks around nervously.
Purgy bites you!
* * * LOW HITPOINT WARNING * * *
Purgy claws you.
* * * LOW HITPOINT WARNING * * *
Purgy misses you.
A red film seems to cover your vision as you go berserk!
You feel yourself moving faster!
You feel mighty! Purgy bites you but does no damage. Purgy claws you.
* * * LOW HITPOINT WARNING * * *
Purgy closely misses you.
You closely miss Purgy.
Purgy is severely wounded.
Purgy barely misses you. x2; Purgy completely misses you.
You closely miss Purgy.
Purgy is heavily wounded.
Purgy barely misses you. You furiously retaliate!
You headbutt Purgy! Purgy claws you.
* * * LOW HITPOINT WARNING * * *
Purgy misses you.
You hit Purgy.
Purgy is almost dead.
Purgy bites you.
You die...

##...## ##.## #.#
#.# #.# #.# . #.#
...
#######.####.....
.........@T......
############.....
... .


You could see Purgy.

Vanquished Creatures
  2 adders (D:2)
  A worm (D:3)
  2 dart slugs (D:1)
  3 ball pythons
  3 endoplasms (D:2)
  A giant cockroach (D:2)
  4 goblins
  3 hobgoblins
  7 jackals
  5 quokkas
  10 bats
  3 frilled lizards
  9 kobolds
  2 rats (D:1)
55 creatures vanquished.

Notes
Turn   | Place    | Note
-------+----------+-------------------------------------------
     0 | D:1      | dtburroughs the Minotaur Berserker began the quest for the
                  | Orb.
     0 | D:1      | Reached XP level 1. HP: 19/19 MP: 0/0
    26 | D:1      | Reached XP level 2. HP: 17/27 MP: 1/1
   539 | D:1      | Reached XP level 3. HP: 33/33 MP: 2/2
   644 | D:2      | Reached ** piety under Trog
  1316 | D:2      | Reached XP level 4. HP: 38/41 MP: 3/3
  1532 | D:3      | Found a glowing drain.
  1563 | Sewer    | Entered a sewer
  1606 | Sewer    | Noticed Purgy
  1619 | Sewer    | HP: 2/61 [Purgy (4)]
  1622 | Sewer    | Slain by Purgy

Illustrated notes

Levels and vault maps discovered:
D:1:      amcnicky_arrival_wind_blow, layout_rooms
D:2:      layout_basic, hangedman_decor_growths, minmay_tripent
D:3:      layout_rooms, cheibrodos_sewer_entry_sluice
Sewer:    sewer_big_baddie

Skill      XL: |  1  2  3 |
---------------+----------+-----
Fighting       | 4 |  4.4
Axes           | 4 |  4.4
Armour         | 3 |  3.3
Dodging        | 3 |  3.0

Action                   |  1- 3 |  4- 6 || total
-------------------------+-------+-------++-------
Melee: Hand axe          |    14 |       ||    14
       Headbutt          |     9 |     2 ||    11
       Battleaxe         |    49 |    20 ||    69
Invok: Berserk           |       |     1 ||     1
 Stab: Sleeping          |       |     2 ||     2
Armor: Animal skin       |    18 |     7 ||    25
Dodge: Dodged            |    59 |    41 ||   100
